 Dungeon Crawl Stone Soup version 0.31.0-1-g2c135a0 (webtiles) character file.

Game seed: 13227513350846283321

51 AbelJuno the Trooper (level 3, -1/34 HPs)
             Began as a Minotaur Berserker on Mar 27, 2024.
             Was a Follower of Trog.
             Incinerated by a bombardier beetle (5 damage)
             ... with a burning spray
             ... on level 3 of the Dungeon.
             The game lasted 00:01:37 (275 turns).

AbelJuno the Trooper (Minotaur Berserker)            Turns: 275, Time: 00:01:38

Health: -1/34      AC:  3    Str: 23    XL:     3   Next: 58%
Magic:  2/2        EV: 12    Int:  4    God:    Trog [*.....]
Gold:   33         SH:  0    Dex:  9    Spells: 2/2 levels left

rFire   . . .        a - +0 hand axe
rCold   . . .        (no shield)
rNeg    . . .        e - +0 leather armour
rPois   .            (helmet restricted)
rElec   .            (no cloak)
rCorr   .            (no gloves)
SInv    .            (no boots)
Will    .....        (no amulet)
Stlth   +            (no ring)
HPRegen 0.25/turn    (no ring)
MPRegen 0.08/turn

%: no passive effects
@: on fire, glowing
A: horns 2, retaliatory headbutt
a: Renounce Religion, Berserk


You were on level 3 of the Dungeon.
You worshipped Trog.
Trog was aware of your devotion.
You visited 1 branch of the dungeon, and saw 4 of its levels.

You collected 33 gold pieces.

Inventory:

Hand Weapons
 a - a +0 hand axe (weapon)
Armour
 b - a +0 animal skin
 e - a +0 leather armour (worn)
Scrolls
 c - a scroll of teleportation {unknown}
 d - a scroll of enchant armour {unknown}


   Skills:
 + Level 4.5 Fighting
 + Level 4.5 Axes
 + Level 2.7 Armour
 + Level 2.5 Dodging
 + Level 0.1 Stealth


You had 2 spell levels left.
You didn't know any spells.
Your spell library was empty.

Dungeon Overview and Level Annotations

Branches:
Dungeon (4/15)
 Temple: D:4-7

Altars:


Innate Abilities, Weirdness & Mutations

You have a pair of horns on your head.
You reflexively headbutt those who attack you in melee.


Message History

An orc priest comes into view. It is wielding a +0 dagger.
An orc comes into view. It is wielding a +0 club.
The orc shouts!
An orc priest comes into view. It is wielding a +0 club.
The quokka closely misses you. You furiously retaliate!
You headbutt the quokka!
You kill the quokka!
Trog accepts your kill.
The orc priest begins to cast a cantrip, but forgets the words!
The orc priest mumbles some strange prayers to Beogh against you.
Pain shoots through your body!
* * * LOW HITPOINT WARNING * * *
The orc priest looks braver for a moment.
An orc priest is nearby!
Found a ruby potion.
A bombardier beetle comes into view.
You see here a ruby potion.
It was a potion of curing.
You feel better.
The bombardier beetle sprays incendiary fluid at you.
The burning spray hits you.
You are covered in liquid fire!
You shake off some of the fire as you move.
The liquid fire burns you!
The orc priest hits you with a +0 dagger.
You closely miss the orc priest. The liquid fire burns you!
* * * LOW HITPOINT WARNING * * *
The orc priest hits you with a +0 dagger.
* * * LOW HITPOINT WARNING * * *
You hit the orc priest but do no damage.
The liquid fire burns you!
* * * LOW HITPOINT WARNING * * *
The bombardier beetle sprays incendiary fluid at you.
The burning spray hits you.
You are even more covered in liquid fire!
The orc priest looks encouraged for a moment.
You hit the orc priest.
The orc priest is moderately wounded.
The liquid fire burns you!
You die...

#. #.# #. #.# #. #.#
#. ... #. #. .# #B#
.. #o .# #.# # #. .#
#.#### #o .# #.@oo#
#. .# ####.# #.#.#
#.# #...# #o#
#.†#########.#
#..oo.....##o#######
##.######.##........
##.### #)#
#........... .>....
#># ############
##.##.


You could see a bombardier beetle, an orc priest and an orc.

Vanquished Creatures
  A hound (D:4)
  An adder (D:4)
  A dart slug (D:3)
  An endoplasm (D:4)
  2 giant cockroaches
  A goblin (D:3)
  A quokka (D:3)
  A frilled lizard (D:3)
9 creatures vanquished.

Notes
Turn   | Place    | Note
-------+----------+-------------------------------------------
     0 | D:1      | AbelJuno the Minotaur Berserker began the quest for the
                  | Orb.
     0 | D:1      | Reached XP level 1. HP: 19/19 MP: 0/0
   199 | D:4      | Reached XP level 2. HP: 13/27 MP: 1/1
   239 | D:4      | Reached XP level 3. HP: 11/34 MP: 2/2
   275 | D:3      | Incinerated by a bombardier beetle

Illustrated notes

Levels and vault maps discovered:
D:1:      amcnicky_arrival_double_pillar, layout_loops_corners
D:2:      layout_basic, kennysheep_generic_room_12
D:3:      layout_loops_ring, general_overflow_altar,
          mainiacjoe_overflow_alcove_1
D:4:      layout_loops_ring, guppyfry_early_lair_pool

Skill      XL: |  1 |
---------------+----+-----
Fighting       | 4 |  4.5
Axes           | 4 |  4.5
Armour         | |  2.7
Dodging        | |  2.5
Stealth        | |  0.1

Action                     || total
---------------------------++-------
  Melee: Hand axe          ||    31
         Headbutt          ||     1
    Use: Potion            ||     1
   Stab: Sleeping          ||     1
 Armour: Animal skin       ||     9
         Leather armour    ||     9
  Dodge: Dodged            ||    20
